 Dungeon Crawl Stone Soup version 0.30-a0-469-g84de5afbc5 (webtiles) character file.

Game seed: 11456680071495901781

204 kae the Firebug (level 5, -1/28 HPs)
             Began as a Tengu Fire Elementalist on Dec 19, 2022.
             Killed from afar by Ijyb (9 damage)
             ... with a puff of flame
             ... on level 3 of the Dungeon.
             The game lasted 00:01:50 (2635 turns).

kae the Firebug (Tengu Fire Elementalist)           Turns: 2635, Time: 00:01:51

Health: -1/28      AC:  2    Str:  8    XL:     5   Next: 82%
Magic:  1/10       EV: 14    Int: 18    God:
Gold:   68         SH:  0    Dex: 14    Spells: 3/9 levels left

rFire   . . .      SeeInvis .    (no weapon)
rCold   . . .      Faith    .    (no shield)
rNeg    . . .      Spirit   .    a - +0 robe
rPois   .          Reflect  .    (helmet restricted)
rElec   .          Harm     .    (no cloak)
rCorr   .          Rampage  .    (no gloves)
Will    .....                    (boots unavailable)
Stlth   ++........               (no amulet)
HPRegen 0.24/turn                (no ring)
MPRegen 0.12/turn                (no ring)

@: flying quickly and evasively, quick
A: beak, talons 3, nimble flight
a: no special abilities


You were on level 3 of the Dungeon.
You visited 1 branch of the dungeon, and saw 3 of its levels.

You collected 68 gold pieces.


Innate Abilities, Weirdness & Mutations

You have a beak for a mouth.
You have claws for feet.
Your magical nature lets you fly swiftly and evasively.


   Skills:
 - Level 2.1 Dodging
 - Level 2.0 Stealth
 + Level 2.9 Spellcasting
 * Level 4.6 Conjurations
 * Level 5.0 Fire Magic


You had 3 spell levels left.
You knew the following spells:

 Your Spells              Type           Power      Damage    Failure   Level
a - Foxfire               Conj/Fire      80%        2x1d8     2%          1
b - Scorch                Fire           40%        2d7       3%          2
c - Inner Flame           Hex/Fire       11%        N/A       17%         3

Your spell library contained the following spells:

 Spells                   Type           Power      Damage    Failure   Level
 Kindle Blastsparks       Fire/Tloc/Air  16%        2d11      24%         3
 Cigotuvi's Dreadful Rot  Necr/Pois/Air  4%         N/A       26%         2
 Poisonous Vapours        Pois/Air       4%         N/A       26%         2
 Mephitic Cloud           Conj/Pois/Air  8%         N/A       26%         3
 Flame Wave               Conj/Fire      20%        2d7       22%         4
 Animate Armour           Summ/Erth      4%         N/A       86%         4
 Blade Hands              Tmut           1%         N/A       99%         5
 Iron Shot                Conj/Erth      5%         9d2       100%        6

Inventory:

Missiles
 k - 29 stones
Armour
 a - a +0 robe (worn)
Jewellery
 v - a ring of see invisible
   (You found it on level 3 of the Dungeon)
Scrolls
 c - a scroll of summoning {unknown}
 e - 2 scrolls of fog {unknown}
 g - a scroll of amnesia {unknown}
 j - a scroll of teleportation {unknown}
 l - a scroll of noise {unknown}
 o - a scroll of brand weapon {unknown}
Potions
 b - a potion of magic
 d - 2 potions of curing {unknown}
 f - a potion of mutation {unknown}
 h - 4 potions of lignification {unknown}
 i - a potion of might {unknown}
 m - 2 potions of brilliance {unknown}
 n - a potion of ambrosia {unknown}
 p - a potion of heal wounds {@q2}

Dungeon Overview and Level Annotations

Branches:
Dungeon (3/15) Zot: 15381

Altars:

Annotations:
D:3 Ijyb

############
#..........#
#).........#
########..†)......##.
####.........@g.........
#....############.#.####
##.#### ... ###..# ..##
....## ..# ##### #.#
...## .# ##..# .b
##.####


You could see Ijyb (combustible).


Message History

😎 MP[-1]
You lost 1 mp, and now have 8/10 mp.
k - 29 stones (gained 7)
An endoplasm comes into view.
The endoplasm quivers.
Casting: Foxfire (safe; 2% risk of failure)
Confirm with . or Enter, or press ? or * to list all spells.
You conjure some foxfire!
The foxfire hits the endoplasm.
The foxfire hits the endoplasm!
You kill the endoplasm! 😎 MP[+1]
v - a ring of see invisible 😎 MP[+1]
Your mp is fully restored (10).
p - a potion of heal wounds {@q2} A goblin comes into view.
It is wielding a +0 club.
A goblin is nearby!
A goblin is nearby!
Casting: Foxfire (safe; 2% risk of failure)
Confirm with . or Enter, or press ? or * to list all spells.
Flames lash the goblin.
You kill the goblin!
You hear a shout!
An orc comes into view. It is wielding a +0 trident. 😎 MP[-2]
You lost 2 mp, and now have 8/10 mp.
Casting: Scorch (safe; 3% risk of failure)
Confirm with . or Enter, or press ? or * to list all spells.
You can't see any susceptible monsters within range! (Use Z to cast anyway.)
An orc is nearby!
An orc is nearby!
Casting: Scorch (safe; 3% risk of failure)
Confirm with . or Enter, or press ? or * to list all spells.
You conjure some foxfire!
The foxfire hits the orc but does no damage.
The foxfire hits the orc. 😎 MP[-1]
You lost 1 mp, and now have 7/10 mp.
Casting: Foxfire (safe; 2% risk of failure)
Confirm with . or Enter, or press ? or * to list all spells.
You conjure some foxfire!
The foxfire hits the orc!
You kill the orc! 😎 MP[-1]
You lost 1 mp, and now have 6/10 mp.
Ijyb the Twisted Goblin comes into view.
She is wielding a +0 club and carrying a wand of flame (15).
A bat comes into view. 😎 MP[+2]
You regained 2 mp, and now have 8/10 mp.
Ijyb shouts!
You hear a shout!
Casting: Foxfire (safe; 2% risk of failure)
Confirm with . or Enter, or press ? or * to list all spells.
You conjure some foxfire!
The foxfire hits Ijyb but does no damage.
Casting: Foxfire (safe; 2% risk of failure)
Confirm with . or Enter, or press ? or * to list all spells.
You conjure some foxfire!
The foxfire hits Ijyb.
The foxfire hits Ijyb but does no damage.
The foxfire hits Ijyb.
Ijyb zaps a wand.
The puff of flame hits you! 😮 HP[-10] MP[-1]
You take 10 damage, and now have 18/28 hp.
MASSIVE DAMAGE!! (PAUSE)
You lost 1 mp, and now have 7/10 mp.
Casting: Foxfire (safe; 2% risk of failure)
Confirm with . or Enter, or press ? or * to list all spells.
You conjure some foxfire!
The foxfire hits Ijyb but does no damage.
The foxfire hits Ijyb. 😮 HP[+1] MP[-1]
You lost 1 mp, and now have 6/10 mp.
Casting: Foxfire (safe; 2% risk of failure)
Confirm with . or Enter, or press ? or * to list all spells.
Flames lash Ijyb.
Ijyb's fire resistance burns away.
The bat closely misses you.
Ijyb zaps a wand.
The puff of flame hits you!
* * * LOW HITPOINT WARNING * * *
😨 HP[-9] MP[-2]
You take 9 damage, and now have 10/28 hp.
MASSIVE DAMAGE!! (PAUSE)
You lost 2 mp, and now have 4/10 mp.
Casting: Scorch (safe; 3% risk of failure)
Confirm with . or Enter, or press ? or * to list all spells.
Flames lash Ijyb.
Ijyb is burned terribly!
The bat barely misses you. Ijyb hits you with a +0 club.
* * * LOW HITPOINT WARNING * * *
The bat hits you but does no damage. Ijyb barely misses you. 😨 HP[-2] MP[-1]
You take 2 damage, and now have 8/28 hp.
You lost 1 mp, and now have 3/10 mp.
Unknown command.
Casting: Scorch (safe; 3% risk of failure)
Confirm with . or Enter, or press ? or * to list all spells.
Flames lash the bat.
You kill the bat!
Ijyb zaps a wand.
The puff of flame hits you!
You die...

Skill      XL: |  1  2  3  4  5 |
---------------+----------------+-----
Conjurations   | 2 3 4 |  4.6
Fire Magic     | 4 5 |  5.0
Dodging        | |  2.1
Stealth        | |  2.0
Spellcasting   | |  2.9

Action                   |  1- 3 |  4- 6 || total
-------------------------+-------+-------++-------
Melee: Unarmed           |     1 |       ||     1
 Cast: Foxfire           |    62 |    41 ||   103
       Scorch            |     5 |     9 ||    14
  Use: Potion            |       |     1 ||     1
Armor: Robe              |     3 |     7 ||    10
Dodge: Dodged            |    17 |    19 ||    36

Levels and vault maps discovered:
D:1:      reono_arrival_mine, layout_basic, st_stairs_7
D:2:      layout_basic, minmay_octomino_e4
D:3:      layout_rooms, hellmonk_ecumenical_altar_arch_garden, uniq_ijyb

Notes
Turn   | Place    | Note
-------+----------+-------------------------------------------
     0 | D:1      | kae the Tengu Fire Elementalist began the quest for the
                  | Orb.
     0 | D:1      | Reached XP level 1. HP: 10/10 MP: 4/4
     0 | D:1      | magus.rc [v1.11.3]
    84 | D:1      | You pick up a book of Vapours and begin reading...
    84 | D:1      | You add the spells Poisonous Vapours, Cigotuvi's Dreadful
                  | Rot and Mephitic Cloud to your library.
   132 | D:1      | Reached skill level 2 in Conjurations
   132 | D:1      | Reached XP level 2. HP: 15/15 MP: 1/6
   183 | D:1      | Learned a level 2 spell: Scorch
   909 | D:1      | Reached XP level 3. HP: 19/19 MP: 4/7
  1180 | D:2      | Reached skill level 4 in Fire Magic
  1409 | D:2      | Reached skill level 3 in Conjurations
  1561 | D:2      | Reached XP level 4. HP: 24/24 MP: 4/8
  1959 | D:3      | Learned a level 3 spell: Inner Flame
  2104 | D:3      | You pick up a book of Iron and begin reading...
  2104 | D:3      | You add the spells Animate Armour, Blade Hands and Iron
                  | Shot to your library.
  2273 | D:3      | Gained mutation: Your magical nature lets you fly swiftly
                  | and evasively. [Tengu growth]
  2273 | D:3      | Reached XP level 5. HP: 17/28 MP: 2/9
  2381 | D:3      | Noticed a centaur
  2395 | D:3      | Killed a centaur
  2396 | D:3      | Reached skill level 4 in Conjurations
  2396 | D:3      | Reached skill level 5 in Fire Magic
  2465 | D:3      | Found a faded altar of an unknown god.
  2621 | D:3      | Noticed Ijyb
  2635 | D:3      | Killed from afar by Ijyb

Vanquished Creatures
  A centaur (D:3)
  7 adders
  2 worms (D:3)
  4 dart slugs (D:1)
  An orc (D:3)
  9 ball pythons
  5 endoplasms
  2 giant cockroaches
  3 goblins
  4 hobgoblins
  4 kobolds
  4 quokkas
  3 bats
  4 frilled lizards
  2 rats (D:2)
55 creatures vanquished.

Vanquished Creatures (others)
  169 foxfires
169 creatures vanquished.

Grand Total: 224 creatures vanquished

Table legend:
 A = Non-vault XP
 B = Vault XP
 C = Vault XP percentage of total XP
 D = Non-vault monster count
 E = Vault monster count
 F = Vault count percentage of total count
                 A         B        C        D         E       F
            +---------+---------+-------+---------+---------+-------
      Total |     273 |      21 |   7.1 |      50 |       5 |   9.1
            +---------+---------+-------+---------+---------+-------
        D:1 |      32 |       4 |  11.1 |      15 |       1 |   6.2
        D:2 |      56 |      17 |  23.3 |      13 |       4 |  23.5
        D:3 |     185 |       0 |   0.0 |      22 |       0 |   0.0
            +---------+---------+-------+---------+---------+-------

Illustrated notes

Table legend:
 A = Kills in this place as a percentage of kills in entire the game.
 B = Kills by you in this place as a percentage of kills by you in the entire game.
 C = Kills by friends in this place as a percentage of kills by friends in the entire game.
 D = Other kills in this place as a percentage of other kills in the entire game.
 E = Experience gained in this place as a percentage of experience gained in the entire game.
 F = Experience gained in this place divided by the number of levels of this place that you have seen.
                   A       B       C       D       E      F
               +-------+-------+-------+-------+-------+----------------------
         Total | 100.0 | 100.0 |   N/A |   N/A | 100.0 |  98.0
       Dungeon | 100.0 | 100.0 |   N/A |   N/A | 100.0 |  98.0
               +-------+-------+-------+-------+-------+----------------------

Table legend: (Time is in decaauts)
 A = Elapsed time spent in this place.
 B = Non-inter-level travel time spent in this place.
 C = Inter-level travel time spent in this place.
 D = Time resting spent in this place.
 E = Time spent auto-exploring this place.
 F = Levels seen in this place.
 G = Mean time per level.
                   A        B        C        D        E       F      G
               +--------+--------+--------+--------+--------+-----+--------+
         Total |   2617 |   2571 |     46 |     54 |   2146 |   3 |  872.3 |
       Dungeon |   2617 |   2571 |     46 |     54 |   2146 |   3 |  872.3 |
               +--------+--------+--------+--------+--------+-----+--------+

Top non-repeatable levels by time:
     D:1: 981 daAuts
     D:2: 972 daAuts
     D:3: 663 daAuts
